 Dungeon Crawl Stone Soup version 0.31.0-9-g3a7656b989 (webtiles) character file.

Game seed: 12980394216045886071

63 qw the Shooter (level 3, -2/18 HPs)
             Began as a Spriggan Hunter on Feb 2, 2024.
             Slain by an orc
             ... wielding a +0 short sword
              (5 damage)
             ... on level 3 of the Dungeon.
             The game lasted 00:00:05 (1211 turns).

qw the Shooter (Spriggan Hunter)                    Turns: 1211, Time: 00:00:05

Health: -2/18      AC:  2    Str:  7    XL:     3   Next: 89%
Magic:  4/4        EV: 19    Int: 10    God:
Gold:   67         SH:  0    Dex: 20    Spells: 2/2 levels left

rFire   . . .        a - +0 shortbow
rCold   . . .        (shield currently unavailable)
rNeg    . . .        c - +0 robe
rPois   .            (helmet restricted)
rElec   .            (no cloak)
rCorr   .            (gloves unavailable)
SInv    +            (boots unavailable)
Will    .....        (no amulet)
Stlth   ++           (no ring)
HPRegen 0.23/turn    (no ring)
MPRegen 0.09/turn

%: no passive effects
@: about to teleport, very quick
A: very small, no large weapons, unfitting armour, see invisible, speed 3
a: no special abilities


You were on level 3 of the Dungeon.
You visited 1 branch of the dungeon, and saw 3 of its levels.

You collected 67 gold pieces.


Innate Abilities, Weirdness & Mutations

You are very small and have problems with some larger weapons.
You are too small for most types of armour.
You have supernaturally acute eyesight. (SInv)
You cover ground extremely quickly. (Speed+++)


   Skills:
 - Level 1.5 Fighting
 - Level 5.0 Ranged Weapons
 + Level 4.1 Dodging
 - Level 1.5 Stealth


You had 2 spell levels left.
You didn't know any spells.
Your spell library was empty.

Inventory:

Hand Weapons
 a - a +0 shortbow (weapon)
Armour
 b - a +0 cloak
 c - a +0 robe (worn)
Scrolls
 h - a scroll of identify
Potions
 e - a potion of curing
 f - a potion of cancellation
 g - a potion of resistance {unknown}
 i - a potion of mutation {unknown}

Dungeon Overview and Level Annotations

Branches:
Dungeon (3/15)

Altars:

Shops:
D:3 [


Message History

You shoot an arrow. The ball python hisses angrily.
The arrow hits the ball python.
The ball python is severely wounded.
You shoot an arrow.
The arrow barely misses the ball python.
You shoot an arrow. The arrow hits the ball python!
You kill the ball python!
b - a +0 cloak
Found a stone staircase leading down.
A rat comes into view.
The rat squeaks loudly.
You shoot an arrow. The arrow closely misses the rat.
You shoot an arrow. The arrow hits the rat.
You kill the rat!
Found a quarterstaff.
h - a scroll of identify 3 orcs come into view.
The orc shouts! x2
You shoot an arrow. The arrow closely misses the orc.
The orc shouts!
You shoot an arrow.
The arrow hits the orc but does no damage.
You shoot an arrow.
The arrow hits the orc but does no damage.
The orc hits you with a +0 hand axe.
The orc hits you from afar with a +0 trident.
You shoot an arrow. The arrow hits the orc!
The orc is almost dead.
The orc barely misses you. The orc hits you with a +0 hand axe.
You shoot an arrow.
The arrow hits the orc but does no damage.
The orc is severely wounded.
The orc hits you from afar with a +0 trident.
The orc barely misses you.
1211 ||| READING scroll of teleportation.
As you read the scroll of teleportation, it crumbles to dust.
You feel strangely unstable. The orc hits you with a +0 short sword.
You die...

#.# #.# #.# #.# # #.#
#########. ####.# # #.........
..##.# .##.# +......... #.#
#....# ....###.ooo....# #.#
####.# ###......@# #.# #.#
.........# #.# #.#####.......#
#.# #.....#.......# #.###
####..#.......############.#..
###..%....................+..
#.....####.##############.#).
#.....# #.# #.#..
#.....####+#### #....


You could see 3 orcs.

Vanquished Creatures
  A gnoll (D:1)
  An adder (D:2)
  A dart slug (D:1)
  5 bats
  4 endoplasms
  4 giant cockroaches
  3 goblins
  5 hobgoblins
  A quokka (D:1)
  7 ball pythons
  3 frilled lizards
  4 kobolds
  3 rats
42 creatures vanquished.

Notes
Turn   | Place    | Note
-------+----------+-------------------------------------------
     0 | D:1      | qw the Spriggan Hunter began the quest for the Orb.
     0 | D:1      | Reached XP level 1. HP: 10/10 MP: 2/2
     0 | D:1      | 0 ||| qw: Version: 0.3-a-155-g5e7d8dd
     0 | D:1      | 0 ||| qw: Game counter: 2212
     0 | D:1      | 0 ||| qw: Melee chars always use a shield: true
     0 | D:1      | 0 ||| qw: God list: Okawaru
     0 | D:1      | 0 ||| qw: Allow faded altars: false
     0 | D:1      | 0 ||| qw: Do Orc after clearing Dungeon:15 true
     0 | D:1      | 0 ||| qw: Do second Lair branch before Depths: true
     0 | D:1      | 0 ||| qw: Lair rune preference: random
     0 | D:1      | 0 ||| qw: Goals: Normal
     0 | D:1      | 0 ||| PLANNING D:1-11
     7 | D:1      | Found a faded altar of an unknown god.
    34 | D:1      | Reached skill level 3 in Dodging
   173 | D:1      | Reached XP level 2. HP: 14/14 MP: 3/3
   501 | D:1      | Reached XP level 3. HP: 18/18 MP: 4/4
   599 | D:1      | 599 ||| READING 2 scrolls labelled WODUCZ CIGHA.
   602 | D:1      | 602 ||| READING scroll labelled ENUSMUAQEI.
   602 | D:1      | 602 ||| ENCHANTING +0 shortbow.
   603 | D:1      | 603 ||| READING scroll labelled ARIEWKE WEROA.
   604 | D:1      | 604 ||| DROPPING scroll of butterflies.
   625 | D:2      | 625 ||| STAIRDANCE
   629 | D:2      | 629 ||| STAIRDANCE
   633 | D:2      | 633 ||| STAIRDANCE
   637 | D:2      | 637 ||| STAIRDANCE
  1029 | D:2      | 1029 ||| READING scroll labelled DEAH IVVEWUMNU.
  1030 | D:2      | 1030 ||| READING scroll labelled LAXEAD EMOFIS.
  1030 | D:2      | 1030 ||| IDENTIFYING glowing golden potion
  1031 | D:2      | 1031 ||| DRINKING 2 purple potions.
  1084 | D:3      | Reached skill level 5 in Ranged Weapons
  1092 | D:3      | Found Neamus's Armour Shop.
  1210 | D:3      | HP: 3/18 [orc/+0 trident (3)]
  1211 | D:3      | 1211 ||| READING scroll of teleportation.
  1211 | D:3      | Slain by an orc

Levels and vault maps discovered:
D:1:      nicolae_arrival_memento_mori, layout_loops_ring,
          dreamdust_ecumenical_altar_statues, hangedman_decor_clover_reticule
D:2:      layout_rooms
D:3:      layout_basic, lemuel_tele_altar, serial_shops,
          nicolae_shop_just_a_little_nook, nicolae_titane

Skill      XL: |  1  2  3 |
---------------+----------+-----
Dodging        | 3 4 |  4.1
Ranged Weapons | 5 |  5.0
Fighting       | |  1.5
Stealth        | |  1.5

Action                     || total
---------------------------++-------
   Fire: Shortbow          ||    97
    Use: Scroll            ||     6
         Potion            ||     1
 Armour: Robe              ||    11
  Dodge: Dodged            ||    39

Table legend:
 A = Non-vault XP
 B = Vault XP
 C = Vault XP percentage of total XP
 D = Non-vault monster count
 E = Vault monster count
 F = Vault count percentage of total count
                 A         B        C        D         E       F
            +---------+---------+-------+---------+---------+-------
      Total |      91 |       0 |   0.0 |      42 |       0 |   0.0
            +---------+---------+-------+---------+---------+-------
        D:1 |      49 |       0 |   0.0 |      22 |       0 |   0.0
        D:2 |      29 |       0 |   0.0 |      11 |       0 |   0.0
        D:3 |      13 |       0 |   0.0 |       9 |       0 |   0.0
            +---------+---------+-------+---------+---------+-------
